 Dungeon Crawl Stone Soup version 0.30-a0-634-g8abc85282e (webtiles) character file.

Game seed: 5018956639448307842

1656 kae the Arsonist (level 9, -8/62 HPs)
             Began as a Hill Orc Fire Elementalist on Jan 14, 2023.
             Mangled by a slime creature (20 damage)
             ... on level 5 of the Dungeon.
             The game lasted 00:05:14 (5404 turns).

kae the Arsonist (Hill Orc Fire Elementalist)       Turns: 5404, Time: 00:05:14

Health: -8/62      AC:  3    Str: 11    XL:     9   Next: 0%
Magic:  4/15       EV: 12    Int: 19    God:
Gold:   250        SH:  0    Dex: 15    Spells: 6/16 levels left

rFire   + . .      SeeInvis .    (no weapon)
rCold   x . .      Faith    .    (no shield)
rNeg    . . .      Spirit   .    a - +1 robe
rPois   +          Reflect  .    (no helmet)
rElec   +          Harm     .    (no cloak)
rCorr   .          Rampage  .    (no gloves)
Will    .....                    (no boots)
Stlth   ++                       p - amulet of the Everdark {RegenMP rElec}
HPRegen 0.30/turn                m - ring "Ronk" {Fire rPois Dex+4}
MPRegen 0.54/turn                (no ring)

@: no status effects
A: no striking features
a: no special abilities


You were on level 5 of the Dungeon.
You visited 1 branch of the dungeon, and saw 5 of its levels.
You also visited: Sewer.

You collected 250 gold pieces.


   Skills:
 - Level 1.5 Dodging
 - Level 1.5 Stealth
 + Level 4.0 Spellcasting
 * Level 7.0 Conjurations
 * Level 8.4 Fire Magic


You had 6 spell levels left.
You knew the following spells:

 Your Spells              Type           Power      Damage    Failure   Level
a - Foxfire               Conj/Fire      100%       2x1d9     1%          1
b - Scorch                Fire           100%       2d10      1%          2
c - Inner Flame           Hex/Fire       29%        N/A       8%          3
d - Flame Wave            Conj/Fire      49%        2d12      6%          4

Your spell library contained the following spells:

 Spells                   Type           Power      Damage    Failure   Level
 Sticky Flame             Conj/Fire      49%        2d7       6%          4
 Kindle Blastsparks       Fire/Tloc/Air  42%        2d13      13%         3
 Beastly Appendage        Tmut           6%         N/A       14%         1
 Summon Small Mammal      Summ           12%        N/A       14%         1
 Blink                    Tloc           6%         N/A       21%         2
 Sublimation of Blood     Necr           3%         N/A       21%         2
 Wereblood                Tmut           3%         N/A       21%         2
 Call Canine Familiar     Summ           3%         N/A       38%         3
 Frozen Ramparts          Ice            6%         1d1       38%         3
 Gell's Gravitas          Tloc           3%         N/A       38%         3
 Ozocubu's Armour         Ice            3%         N/A       38%         3
 Spider Form              Tmut/Pois      3%         N/A       38%         3
 Summon Guardian Golem    Hex/Summ       3%         N/A       38%         3
 Teleport Other           Tloc           3%         N/A       38%         3
 Irradiate                Conj/Tmut      8%         3d14      65%         5
 Ice Form                 Ice/Tmut       3%         N/A       80%         4
 Manifold Assault         Tloc           3%         N/A       80%         4
 Olgreb's Toxic Radiance  Pois           3%         N/A       80%         4
 Petrify                  Tmut/Erth      3%         N/A       80%         4
 Summon Ice Beast         Ice/Summ       3%         N/A       80%         4
 Dispersal                Tloc           1%         N/A       100%        6
 Ozocubu's Refrigeration  Ice            1%         4d7       100%        7
 Storm Form               Tmut/Air       1%         N/A       100%        7
 Ignition                 Fire           26%        3d9       100%        8

Inventory:

Missiles
 j - 6 atropa-tipped darts
 k - 4 javelins
 q - 47 stones
 y - a throwing net {=f!f}
 B - 5 poisoned darts
Armour
 a - a +1 robe (worn)
Magical Staves
 o - a staff of poison {!a}
   (You found it on level 3 of the Dungeon)
Jewellery
 m - the ring "Ronk" (left hand) {Fire rPois Dex+4}
   (You acquired it on level 4 of the Dungeon)

   [ring of fire]

   It enhances your fire magic.
   Dex:       It affects your dexterity (+4).
   rF:        It protects you from fire.
   rC:        It makes you vulnerable to cold.
   rPois:     It protects you from poison.
 p - the amulet of the Everdark (around neck) {RegenMP rElec}
   (You took it off a hobgoblin on level 3 of the Dungeon)

   [amulet of magic regeneration]

   It increases your rate of magic regeneration.
   rElec:     It insulates you from electricity.
Wands
 r - a wand of iceblast (15)
   (You found it on level 3 of the Dungeon)
 s - a wand of polymorph (13)
   (You found it on level 3 of the Dungeon)
Scrolls
 c - a scroll of immolation {unknown}
 e - a scroll of vulnerability {unknown}
 l - 3 scrolls of identify {unknown}
 t - a scroll of poison
 u - 2 scrolls of teleportation {unknown}
Potions
 b - a potion of magic
 d - 2 potions of brilliance
 f - 2 potions of mutation {unknown}
 h - 2 potions of flight {unknown}
 i - a potion of lignification {unknown}
 z - a potion of curing {unknown}
 A - 2 potions of degeneration {unknown}
Miscellaneous
 x - a phial of floods
   (You found it in a sewer)

Dungeon Overview and Level Annotations

Branches:
Dungeon (5/15) Zot: 25183   Sewer (visited)
 Temple: D:4-7

Altars:
Nemelex Xobeh
Qazlal
Xom

#)#.#<.#...........#
#J#.####.#########.#
#)#..............#.#
#J######.#######.#.#
#..............#.#.#
#....#.........#ยง#.#
###....#.........#ยง#.#
##.....##.....J...#.#.#
..'.............@...>#.#
###....#####.#######.#.#
........ #)# #.#.#
........ ###)### #.#.#
........ #.)...# #.#.#
........###'''## #.#.#
....... ##.).## #.#.#
##.....## #.#.#
#.......# #.#)####


You could see a slime creature.


Message History

You kill the endoplasm!
Unknown command.
Unknown command.
The slime creature quivers.
A slime creature is nearby!
Unknown command.
A slime creature is nearby!
A slime creature is nearby!
Casting: Foxfire (safe; 1% risk of failure)
Confirm with . or Enter, or press ? or * to list all spells.
You feel a surge of power!
You conjure some foxfire!
The slime creature falls through a shaft!
The shaft crumbles and collapses.
Casting: Foxfire (safe; 1% risk of failure)
Confirm with . or Enter, or press ? or * to list all spells.
You feel a surge of power!
You conjure some foxfire!
You start waiting.
A slime creature is nearby!
Casting: Foxfire (safe; 1% risk of failure)
Confirm with . or Enter, or press ? or * to list all spells.
You feel a surge of power!
You conjure some foxfire!
The slime creature jiggles.
The foxfire hits the slime creature!
Casting: Foxfire (safe; 1% risk of failure)
Confirm with . or Enter, or press ? or * to list all spells.
You feel a surge of power!
You conjure some foxfire!
The foxfire hits the slime creature.
The foxfire hits the slime creature. x2
Casting: Foxfire (safe; 1% risk of failure)
Confirm with . or Enter, or press ? or * to list all spells.
You feel a surge of power!
You conjure some foxfire!
The foxfire hits the slime creature. x2
Casting: Foxfire (safe; 1% risk of failure)
Confirm with . or Enter, or press ? or * to list all spells.
You feel a surge of power!
Flames lash the slime creature.
The slime creature's fire resistance burns away. ๐Ÿ˜Ž MP[-1]
You lost 1 mp, and now have 12/13 mp.
Casting: Scorch (safe; 1% risk of failure)
Confirm with . or Enter, or press ? or * to list all spells.
You feel a surge of power!
Flames lash the slime creature.
The slime creature is burned terribly!
The slime creature hits you!
The slime creature closely misses you. ๐Ÿ˜• HP[-10] MP[-1]
You take 10 damage, and now have 47/57 hp.
You lost 1 mp, and now have 11/13 mp.
Casting: Scorch (safe; 1% risk of failure)
Confirm with . or Enter, or press ? or * to list all spells.
You feel a surge of power!
Flames lash the slime creature.
The slime creature is burned terribly!
The slime creature closely misses you.
The slime creature misses you. ๐Ÿ˜• HP[+1] MP[-1]
You lost 1 mp, and now have 10/13 mp.
Casting: Scorch (safe; 1% risk of failure)
Confirm with . or Enter, or press ? or * to list all spells.
You feel a surge of power!
Flames lash the slime creature.
The slime creature is burned terribly!
You kill the slime creature!
The slime creature hits you!
Your Spellcasting skill increases to level 4!
Your Conjurations skill increases to level 7!
You have reached level 9!
Your experience leads to an increase in your attributes!
Your base attributes are Str 11, Int 17, Dex 11.
Increase (S)trength, (I)ntelligence, or (D)exterity?
You feel clever. x2 ๐Ÿ˜ฎ HP[-9] MP[-2]
You now have 62 max hp (+5).
You take 9 damage, and now have 39/62 hp.
Casting: Scorch (safe; 1% risk of failure)
Confirm with . or Enter, or press ? or * to list all spells.
You feel a surge of power!
Flames lash the slime creature.
The slime creature's fire resistance burns away.
The slime creature hits you!
* * * LOW HITPOINT WARNING * * *
The slime creature hits you!!
* * * LOW HITPOINT WARNING * * *
๐Ÿ˜ฑ HP[-27]
You take 27 damage, and now have 12/62 hp.
MASSIVE DAMAGE!! (PAUSE)
Casting: Scorch (safe; 1% risk of failure)
Confirm with . or Enter, or press ? or * to list all spells.
You don't know that spell.
Casting: Scorch (safe; 1% risk of failure)
Confirm with . or Enter, or press ? or * to list all spells.
Casting: Flame Wave (dangerous; 6% risk of failure)
Press: ? - help, Dir - look around, f - activate You feel a surge of power!
A wave of flame ripples out!
The flame wave engulfs the slime creature!!
The slime creature is burned terribly! (Press . to intensify the flame waves.)
The slime creature misses you. ๐Ÿ˜ฑ MP[-4]
You lost 4 mp, and now have 4/15 mp.
A wave of flame ripples out!
The flame wave engulfs the slime creature!!
The slime creature is burned terribly!
The slime creature is no longer more vulnerable to fire.
The slime creature hits you!!
You die...

Skill      XL: |  1  2  3  4  5  6  7  8 |
---------------+-------------------------+-----
Conjurations   | 2 3 4 5 7 |  7.0
Fire Magic     | 4 5 6 8 |  8.4
Spellcasting   | 2 3 4 |  4.0
Dodging        | |  1.5
Stealth        | |  1.5

Action                   |  1- 3 |  4- 6 |  7- 9 || total
-------------------------+-------+-------+-------++-------
Melee: Unarmed           |     5 |       |       ||     5
 Cast: Foxfire           |    74 |   121 |    65 ||   260
       Scorch            |     9 |    20 |    35 ||    64
       Inner Flame       |       |       |     4 ||     4
       Flame Wave        |       |       |     1 ||     1
Evoke: Wand              |       |       |     3 ||     3
  Use: Scroll            |     1 |     1 |     2 ||     4
       Potion            |       |       |     2 ||     2
Armor: Robe              |     5 |    10 |     3 ||    18
Dodge: Dodged            |    24 |    36 |    24 ||    84

Levels and vault maps discovered:
D:1:      dpeg_arrival_central, layout_basic
D:2:      layout_basic, basic_altar
D:3:      layout_rooms, minitemple, kennysheep_generic_room_2
D:4:      layout_basic, portal_sewer_entry_d
D:5:      cheibrodos_fertilizer, layout_basic, marbit_many_paths,
          minmay_misc_feat_rows, uniq_edmund, uniq_sigmund

Notes
Turn   | Place    | Note
-------+----------+-------------------------------------------
     0 | D:1      | kae the Hill Orc Fire Elementalist began the quest for the
                  | Orb.
     0 | D:1      | Reached XP level 1. HP: 14/14 MP: 3/3
     0 | D:1      | magus.rc [v1.11.3]
   255 | D:1      | Reached XP level 2. HP: 20/20 MP: 4/4
   275 | D:1      | You pick up a book of Changes and begin reading...
   275 | D:1      | You add the spells Beastly Appendage, Wereblood and Spider
                  | Form to your library.
   321 | D:1      | You fall into a shaft and drop 1 floor!
   480 | D:1      | Learned a level 2 spell: Scorch
   651 | D:1      | Reached XP level 3. HP: 24/26 MP: 5/5
   699 | D:1      | Reached skill level 2 in Conjurations
  1100 | D:2      | Reached skill level 4 in Fire Magic
  1102 | D:2      | Found a shimmering altar of Xom.
  1108 | D:2      | You add the spells Ozocubu's Armour and Ozocubu's
                  | Refrigeration to your library.
  1149 | D:2      | Reached skill level 2 in Spellcasting
  1163 | D:2      | Reached XP level 4. HP: 26/33 MP: 2/7
  1445 | D:3      | Identified the amulet of the Everdark {RegenMP rElec}
  1483 | D:3      | Reached skill level 3 in Conjurations
  1483 | D:3      | Reached XP level 5. HP: 38/38 MP: 8/8
  1710 | D:3      | Learned a level 3 spell: Inner Flame
  1745 | D:3      | Found a sparkling altar of Nemelex Xobeh.
  1746 | D:3      | Found a stormy altar of Qazlal.
  2031 | D:3      | You add the spells Gell's Gravitas, Teleport Other and
                  | Dispersal to your library.
  2051 | D:4      | Identified a scroll of acquirement
  2051 | D:4      | Acquired the ring "Ronk" {Fire rPois Dex+4}
  2118 | D:4      | You add the spells Blink, Manifold Assault and Storm Form
                  | to your library.
  2222 | D:4      | Found a glowing drain.
  2231 | Sewer    | Entered a sewer
  2353 | Sewer    | Reached skill level 5 in Fire Magic
  2453 | Sewer    | Reached XP level 6. HP: 45/45 MP: 9/9
  2727 | Sewer    | Reached skill level 4 in Conjurations
  2834 | D:4      | Learned a level 4 spell: Flame Wave
  2857 | D:4      | You pick up a book of Alchemy and begin reading...
  2857 | D:4      | You add the spells Sublimation of Blood, Petrify and
                  | Irradiate to your library.
  3554 | D:4      | You pick up a book of Flames and begin reading...
  3595 | D:4      | Reached XP level 7. HP: 50/50 MP: 9/11
  3688 | D:5      | Entered Level 5 of the Dungeon
  3699 | D:5      | Noticed Sigmund
  3713 | D:5      | Reached skill level 6 in Fire Magic
  3721 | D:5      | Killed Sigmund
  3722 | D:5      | Reached skill level 3 in Spellcasting
  3736 | D:5      | Reached skill level 5 in Conjurations
  4055 | D:5      | You pick up a book of Rime and begin reading...
  4055 | D:5      | You add the spells Frozen Ramparts, Ice Form and Summon Ice
                  | Beast to your library.
  4074 | D:5      | Noticed a slime creature
  4082 | D:5      | HP: 11/50 [acid (9)]
  4220 | D:5      | Reached XP level 8. HP: 56/57 MP: 8/12
  4233 | D:5      | Noticed a slime creature
  4360 | D:5      | Reached skill level 7 in Fire Magic
  4361 | D:5      | Noticed Edmund
  4374 | D:5      | HP: 12/57 [Edmund/+4 flail of protection (11)]
  4376 | D:5      | Killed Edmund
  4377 | D:5      | Reached skill level 6 in Conjurations
  4883 | D:5      | You add the spells Olgreb's Toxic Radiance and Ignition to
                  | your library.
  4923 | D:5      | You pick up a book of Callings and begin reading...
  4923 | D:5      | You add the spells Summon Small Mammal, Call Canine
                  | Familiar and Summon Guardian Golem to your library.
  5157 | D:5      | Reached skill level 8 in Fire Magic
  5400 | D:5      | Killed a slime creature
  5401 | D:5      | Reached skill level 4 in Spellcasting
  5401 | D:5      | Reached skill level 7 in Conjurations
  5401 | D:5      | Reached XP level 9. HP: 39/62 MP: 8/15
  5402 | D:5      | HP: 12/62 [slime creature (18)]
  5404 | D:5      | Mangled by a slime creature

Vanquished Creatures
  A slime creature (D:5)
  Sigmund (D:5)
  Edmund (D:5)
  A water moccasin (D:5)
  An ogre (D:5)
  A centaur (D:5)
  A kobold brigand (D:5)
  2 bullfrogs (Sewer)
  A gnoll sergeant (D:5)
  A howler monkey (D:5)
  4 jellies (D:5)
  2 hounds (D:5)
  An orc priest (D:5)
  An iguana (D:5)
  An orc wizard (D:5)
  12 adders
  13 gnolls
  2 ufetubi
  2 dart slugs
  8 orcs
  10 ball pythons
  20 endoplasms
  9 giant cockroaches (Sewer)
  10 goblins
  5 hobgoblins
  8 quokkas
  11 bats
  10 frilled lizards
  6 kobolds
  6 rats
152 creatures vanquished.

Vanquished Creatures (others)
  414 foxfires
  5 fungi (D:5)
  11 toadstools (D:5)
430 creatures vanquished.

Grand Total: 582 creatures vanquished

Table legend:
 A = Non-vault XP
 B = Vault XP
 C = Vault XP percentage of total XP
 D = Non-vault monster count
 E = Vault monster count
 F = Vault count percentage of total count
                 A         B        C        D         E       F
            +---------+---------+-------+---------+---------+-------
      Total |    1359 |    1008 |  42.6 |      95 |      57 |  37.5
            +---------+---------+-------+---------+---------+-------
        D:1 |      39 |       0 |   0.0 |      22 |       0 |   0.0
        D:2 |      80 |       0 |   0.0 |      19 |       0 |   0.0
        D:3 |      89 |       4 |   4.3 |      21 |       2 |   8.7
        D:4 |      87 |      13 |  13.0 |      11 |       1 |   8.3
        D:5 |    1064 |     686 |  39.2 |      22 |      13 |  37.1
      Sewer |       0 |     305 | 100.0 |       0 |      41 | 100.0
            +---------+---------+-------+---------+---------+-------

Illustrated notes

Table legend:
 A = Kills in this place as a percentage of kills in entire the game.
 B = Kills by you in this place as a percentage of kills by you in the entire game.
 C = Kills by friends in this place as a percentage of kills by friends in the entire game.
 D = Other kills in this place as a percentage of other kills in the entire game.
 E = Experience gained in this place as a percentage of experience gained in the entire game.
 F = Experience gained in this place divided by the number of levels of this place that you have seen.
                   A       B       C       D       E      F
               +-------+-------+-------+-------+-------+----------------------
         Total | 100.0 | 100.0 |   N/A |   N/A | 100.0 | 394.5
       Dungeon |  73.0 |  73.0 |   N/A |   N/A |  87.1 | 412.4
         Sewer |  27.0 |  27.0 |   N/A |   N/A |  12.9 | 305.0
               +-------+-------+-------+-------+-------+----------------------

Table legend: (Time is in decaauts)
 A = Elapsed time spent in this place.
 B = Non-inter-level travel time spent in this place.
 C = Inter-level travel time spent in this place.
 D = Time resting spent in this place.
 E = Time spent auto-exploring this place.
 F = Levels seen in this place.
 G = Mean time per level.
                   A        B        C        D        E       F      G
               +--------+--------+--------+--------+--------+-----+--------+
         Total |   5483 |   5317 |    166 |    778 |   3411 |   6 |  913.8 |
       Dungeon |   4815 |   4649 |    166 |    565 |   3137 |   5 |  963.0 |
         Sewer |    667 |    667 |      0 |    213 |    273 |   1 |  667.0 |
               +--------+--------+--------+--------+--------+-----+--------+

Top non-repeatable levels by time:
     D:5: 1678 daAuts
     D:4: 1085 daAuts
     D:1: 874 daAuts
     D:3: 688 daAuts
   Sewer: 667 daAuts
     D:2: 487 daAuts
